 Dungeon Crawl Stone Soup version 0.23-a0-402-g64599a10a2 (webtiles) character file.

34206 Notair the Impaler (level 13, -1/123 HPs)
             Began as a Minotaur Gladiator on Nov 4, 2018.
             Was the Champion of Okawaru.
             Slain by a cyclops (12 damage)
             ... on level 13 of the Dungeon.
             The game lasted 00:49:54 (13940 turns).

Notair the Impaler (Minotaur Gladiator)            Turns: 13940, Time: 00:49:55

Health: -1/123     AC: 20    Str: 29    XL:     13   Next: 40%
Magic:  18/18      EV:  2    Int:  5    God:    Okawaru [******]
Gold:   647        SH:  0    Dex: 16    Spells: 12/12 levels left

rFire    + . .     SeeInvis +   g - +1 bardiche (flame)
rCold    . . .     Gourm    .   (shield currently unavailable)
rNeg     + + +     Faith    .   S - +0 storm dragon scales
rPois    ∞         Spirit   .   c - +1 hat
rElec    +         Reflect  .   m - +0 cloak
rCorr    .         Harm     .   I - +0 pair of gloves of Chill Winds {Regen+}
MR       .....                  R - +1 pair of boots
Stlth    ..........             (no amulet)
HPRegen  0.70/turn              k - ring of Decorym {rF+ rN+ Dex+4 SInv}
MPRegen  0.16/turn              J - +5 ring of strength

@: petrified
A: retaliatory headbutt, horns 2
a: Heroism, Finesse, Renounce Religion


You were on level 13 of the Dungeon.
You worshipped Okawaru.
Okawaru was exalted by your worship.
You were very hungry.

You visited 2 branches of the dungeon, and saw 14 of its levels.
You also visited: Ossuary.

You collected 875 gold pieces.
You spent 228 gold pieces at shops.

Inventory:

Hand Weapons
 d - a +1 glaive of flaming
 g - a +1 bardiche of flaming (weapon)
 u - a +0 blowgun
 v - a +0 hand crossbow
 V - a +1 glaive of venom
Missiles
 l - 72 bolts
 o - 7 curare-tipped needles
 y - 5 throwing nets (quivered)
Armour
 c - a +1 hat (worn)
 j - a +1 chain mail of poison resistance
 m - a +0 cloak (worn)
 I - the +0 pair of gloves of Chill Winds (worn) {Regen+}
   (You bought it in a shop on level 7 of the Dungeon)

   It increases your rate of regeneration.
 P - the +3 ring mail of Zihaoh {Int+3, unknown}
   (You found it on level 10 of the Dungeon)

   It affects your intelligence (+3).
 R - a +1 pair of boots (worn)
 S - +0 storm dragon scales (worn)
 W - a +0 crystal plate armour
Jewellery
 k - the ring of Decorym (left hand) {rF+ rN+ Dex+4 SInv}
   (You found it on level 9 of the Dungeon)

   [ring of dexterity]

   It affects your dexterity (+4).
   It protects you from fire.
   It protects you from negative energy.
   It lets you see invisible.
 E - an uncursed ring of stealth {unknown}
 J - a +5 ring of strength (right hand)
 X - an uncursed ring of positive energy {unknown}
 Y - a cursed ring of attention {unknown}
Wands
 h - a wand of digging (4)
 r - a wand of polymorph (12)
 D - a wand of iceblast (9)
 N - a wand of flame (7)
 O - a wand of scattershot (5)
 U - a wand of enslavement (11)
Scrolls
 a - a scroll of fear {unknown}
 n - 6 scrolls of teleportation
 p - a scroll of brand weapon {unknown}
 q - 3 scrolls of enchant armour
 x - 4 scrolls of magic mapping
 z - 2 scrolls of blinking
 B - 3 scrolls of immolation
 C - 2 scrolls of amnesia
 H - 2 scrolls of fog
 K - 3 scrolls of remove curse
 T - a scroll of enchant weapon
Potions
 b - 7 potions of heal wounds
 e - 6 potions of lignification
 i - 4 potions of haste
 t - a potion of cancellation {unknown}
 w - 3 potions of magic
 A - 2 potions of berserk rage
 F - 2 potions of ambrosia
 G - 3 potions of might
 L - 2 potions of flight
 M - a potion of brilliance
 Q - a potion of resistance
Miscellaneous
 s - a lightning rod (4/4)
Comestibles
 f - 23 rations


   Skills:
 + Level 13.7 Fighting
 * Level 18.5 Polearms
 - Level 2.0 Throwing
 + Level 9.7 Armour
 - Level 3.2 Dodging
 - Level 8.0 Invocations


You had 12 spell levels left.
You didn't know any spells.
Your spell library contained the following spells:

 Spells                   Type           Power        Failure   Level  Hunger
 Sting                    Conj/Pois      #...         91%         1    ##.....
 Poisonous Vapours        Pois/Air       #.....       97%         2    ###....
 Mephitic Cloud           Conj/Pois/Air  #.......     100%        3    ####...
 Olgreb's Toxic Radiance  Pois           #.......     100%        4    #####..
 Venom Bolt               Conj/Pois      #.........   100%        5    ######.


Dungeon Overview and Level Annotations

Branches:
Dungeon (13/15)            Temple (1/1) D:4            Lair (0/6) D:9
    Orc (0/2) D:11
 Vaults: D:13-14

Altars:
Ashenzari
Cheibriados
Dithmenos
Elyvilon
Fedhas
Gozag
Hepliaklqana
Kikubaaqudgha
Makhleb
Nemelex Xobeh
Okawaru
Qazlal
Ru
Sif Muna
Trog
Uskayaw
Vehumet
Wu Jian
Xom
Yredelemnul
Zin
The Shining One

Shops:
D:7 [}=!   D:13 *

Portals:
Trove: D:11 (give +3 gold dragon scales)


Innate Abilities, Weirdness & Mutations

You reflexively headbutt those who attack you in melee.
You have a pair of horns on your head.


Message History

You are engulfed in flames!
You resist.
* * * LOW HITPOINT WARNING * * *
The four-headed hydra roars!
The centaur warrior shoots an arrow.
The arrow hits you but does no damage.
The basilisk bites you but does no damage.
The red ugly thing pecks you.
* * * LOW HITPOINT WARNING * * *
You are engulfed in flames!
You resist.
* * * LOW HITPOINT WARNING * * *
The basilisk bites you!
* * * LOW HITPOINT WARNING * * *
The red ugly thing pecks you but does no damage.
The water moccasin hisses angrily.
The basilisk gazes at you.
You easily resist.
The red ugly thing pecks you!
* * * LOW HITPOINT WARNING * * *
You are engulfed in flames!
You resist.
* * * LOW HITPOINT WARNING * * *
The cyclops hits you!!
You die...

######.##### #.....#....
#.......(.# #####.#.p#'
#.###...#.#### #.##.#. #
#........# #.##.#.
#.###.##.....# #<.p.#.
#.....)(†....###########.
#......#.(................
........u#######......####
##.####.l@............####
.. #.C#######......##.. .
#..# #......##.. #9.#
#.......#.. ...#
#.......#.. D#.S#
#.......#.. lD#..#
#.......#.. .. #..
#.......#.. #.......###


You could see a seven-headed hydra, a four-headed hydra, a red ugly thing, a
cyclops, 2 basilisks, a water moccasin and a gargoyle.

Vanquished Creatures
  Kirke (D:13)
  A storm dragon (D:12)
  An ettin (D:12)
  A fire dragon (D:12)
  A crystal guardian (D:12)
  Harold (D:7)
  2 two-headed ogres (D:11)
  A centaur warrior (D:11)
  A deep troll earth mage (D:12)
  Sonja (D:10)
  A deep elf knight (D:13)
  An unseen horror (D:11)
  An orc knight (D:11)
  A deep elf mage (D:11)
  4 ugly things
  A wolf spider (D:13)
  2 cyclopes (D:11)
  4 trolls
  Prince Ribbit (D:6)
  11 slime creatures
  9 hippogriffs
  3 vampires
  2 shadows (D:12)
  A redback (D:12)
  Eustachio (D:6)
  2 wyverns
  2 wraiths
  25 yaks
  A water elemental (D:12)
  4 hungry ghosts (D:11)
  8 vampire mosquitoes
  A water moccasin (D:10)
  An acid dragon (D:11)
  4 sky beasts
  10 orc warriors
  3 black bears
  6 ice beasts
  6 phantoms
  2 eyes of draining
  7 ogres
  4 centaurs
  3 necrophages
  2 crocodiles
  A big kobold (D:11)
  7 elf zombies (Ossuary)
  8 bullfrogs
  A wyvern skeleton (D:13)
  3 scorpions
  2 troll zombies (D:11)
  11 killer bees
  3 electric eels (D:12)
  4 howler monkeys
  7 centaur zombies
  4 crimson imps
  A human zombie (Ossuary)
  12 orc wizards
  2 bullfrog zombies
  5 hounds
  5 jellies
  11 orc priests
  3 bullfrog skeletons
  3 centaur skeletons
  Crazy Yiuf (D:6)
  Ijyb (D:4)
  2 iguanas
  10 worker ants
  4 ogre zombies (D:11)
  A hound zombie (D:7)
  3 mummies (Ossuary)
  8 gnolls
  5 adders
  An adder skeleton (D:9)
  An adder zombie (D:9)
  5 worms
  5 dart slugs
  9 leopard geckos
  48 orcs
  4 giant cockroaches
  10 goblins
  12 hobgoblins
  11 jackals
  3 quokkas
  A ball python (D:3)
  10 bats
  6 frilled lizards
  A goblin skeleton (D:11)
  A goblin zombie (D:11)
  2 hobgoblin zombies (D:11)
  2 jackal skeletons
  10 kobolds
  A leopard gecko zombie (D:5)
  An orc skeleton (D:11)
  14 orc zombies (D:11)
  A quokka skeleton (D:9)
  11 rats
443 creatures vanquished.

Vanquished Creatures (others)
  3 humans (D:13)
3 creatures vanquished.

Grand Total: 446 creatures vanquished

Notes
Turn   | Place    | Note
-------+----------+-------------------------------------------
     0 | D:1      | Notair the Minotaur Gladiator began the quest for the Orb.
     0 | D:1      | Reached XP level 1. HP: 18/18 MP: 0/0
    60 | D:1      | Reached skill level 4 in Polearms
    83 | D:1      | Reached XP level 2. HP: 25/25 MP: 1/1
   421 | D:1      | Reached XP level 3. HP: 31/31 MP: 2/2
   826 | D:2      | Reached skill level 5 in Polearms
   994 | D:2      | Reached XP level 4. HP: 26/38 MP: 3/3
  2112 | D:3      | Reached skill level 6 in Polearms
  2112 | D:3      | Reached XP level 5. HP: 46/46 MP: 4/4
  2428 | D:3      | Found a sparkling altar of Nemelex Xobeh.
  2963 | D:4      | Noticed a phantom
  2983 | D:4      | Killed a phantom
  2983 | D:4      | Reached skill level 7 in Polearms
  2983 | D:4      | Reached XP level 6. HP: 48/55 MP: 5/5
  3009 | D:4      | Reached skill level 5 in Fighting
  3447 | D:4      | Found a staircase to the Ecumenical Temple.
  3456 | Temple   | Entered the Ecumenical Temple
  3600 | D:4      | Reached skill level 8 in Polearms
  3624 | D:4      | Reached XP level 7. HP: 8/62 MP: 6/6
  3920 | D:4      | Noticed Ijyb
  3933 | D:4      | Killed Ijyb
  4048 | D:4      | Found a bloodstained altar of Trog.
  4050 | D:4      | Found an iron altar of Okawaru.
  4067 | D:4      | Became a worshipper of Warmaster Okawaru
  4191 | D:4      | Found a deep blue altar of Sif Muna.
  4369 | D:5      | Entered Level 5 of the Dungeon
  4505 | D:5      | Reached skill level 9 in Polearms
  4691 | D:5      | Reached * piety under Okawaru
  4691 | D:5      | Reached XP level 8. HP: 64/71 MP: 7/7
  4793 | D:5      | Reached skill level 10 in Polearms
  4840 | D:5      | Found an opulent altar of Gozag.
  4884 | D:5      | Found a glowing silver altar of Zin.
  4884 | D:5      | Found a sacrificial altar of Ru.
  5614 | D:6      | Found a basalt altar of Yredelemnul.
  5718 | D:6      | Noticed Eustachio
  5757 | D:6      | Killed Eustachio
  5757 | D:6      | Reached skill level 11 in Polearms
  5899 | D:6      | Found a glowing golden altar of the Shining One.
  6170 | D:6      | Found a runed door.
  6212 | D:6      | Found a radiant altar of Vehumet.
  6224 | D:6      | Found an ancient bone altar of Kikubaaqudgha.
  6234 | D:6      | Found a deep blue altar of Sif Muna.
  6326 | D:6      | Noticed Prince Ribbit
  6343 | D:6      | Killed Prince Ribbit
  6374 | D:6      | Found Muott's Weapon Emporium.
  6656 | D:6      | Noticed an angel
  6751 | D:6      | Noticed Crazy Yiuf
  6756 | D:6      | Killed Crazy Yiuf
  6904 | D:7      | Reached XP level 9. HP: 82/82 MP: 8/8
  6930 | D:7      | Found Dyjagi Deto's Antique Armour Shoppe.
  6937 | D:7      | Bought a pair of scorched gloves for 228 gold pieces
  6995 | D:7      | Identified the +0 pair of gloves of Chill Winds {Regen+}
                  | (You bought it in a shop on level 7 of the Dungeon)
  7030 | D:7      | Reached skill level 12 in Polearms
  7126 | D:7      | Noticed Harold
  7147 | D:7      | Killed Harold
  7147 | D:7      | Reached ** piety under Okawaru
  7266 | D:7      | Found Utamoik's Jewellery Emporium.
  7269 | D:7      | Found a sand-covered staircase.
  7278 | Ossuary  | Entered an ossuary
  7301 | Ossuary  | Reached skill level 13 in Polearms
  7417 | Ossuary  | Reached *** piety under Okawaru
  7455 | Ossuary  | Received a gift from Okawaru
  7458 | Ossuary  | Reached skill level 10 in Fighting
  7670 | D:7      | Found Camoushre's Distillery.
  7809 | D:7      | Found Wanlu's Gadget Boutique.
  7940 | D:8      | Reached XP level 10. HP: 93/93 MP: 9/9
  7954 | D:8      | Reached skill level 14 in Polearms
  8373 | D:8      | Found an iron altar of Okawaru.
  8540 | D:8      | Identified a scroll of acquirement
  8675 | D:9      | Found a staircase to the Lair.
  8690 | D:9      | Reached skill level 1 in Armour
  8797 | D:9      | Reached **** piety under Okawaru
  8797 | D:9      | Reached skill level 1 in Invocations
  8921 | D:9      | Found a radiant altar of Vehumet.
  8929 | D:9      | Got a smoking ivory ring
  9112 | D:9      | Identified the ring of Decorym {rF+ rN+ Dex+4 SInv} (You
                  | found it on level 9 of the Dungeon)
  9413 | D:10     | Entered Level 10 of the Dungeon
  9465 | D:10     | Reached skill level 15 in Polearms
  9471 | D:10     | Noticed Sonja
  9482 | D:10     | Killed Sonja
  9482 | D:10     | Reached ***** piety under Okawaru
  9564 | D:10     | Reached XP level 11. HP: 101/102 MP: 12/12
  9647 | D:10     | Received a gift from Okawaru
  9725 | D:10     | Got a transparent ring mail
  9831 | D:10     | Found an ancient bone altar of Kikubaaqudgha.
  9985 | D:11     | Noticed a two-headed ogre
  9991 | D:11     | Killed a two-headed ogre
 10006 | D:11     | Reached skill level 5 in Armour
 10042 | D:11     | Noticed a white ugly thing
 10047 | D:11     | Killed a white ugly thing
 10047 | D:11     | Received a gift from Okawaru
 10207 | D:11     | Found a staircase to the Orcish Mines.
 10249 | D:11     | Reached skill level 16 in Polearms
 10497 | D:11     | Reached skill level 5 in Invocations
 10700 | D:11     | Noticed a centaur warrior
 10703 | D:11     | Killed a centaur warrior
 10775 | D:11     | Found a portal to a secret trove of treasure.
 10954 | D:11     | Noticed an unseen horror
 10961 | D:11     | Killed an unseen horror
 10961 | D:11     | Reached ****** piety under Okawaru
 10967 | D:11     | Received a gift from Okawaru
 10997 | D:11     | Noticed a deep elf mage
 11001 | D:11     | Killed a deep elf mage
 11001 | D:11     | Reached XP level 12. HP: 113/113 MP: 15/15
 11276 | D:11     | Noticed a two-headed ogre
 11280 | D:11     | Killed a two-headed ogre
 11660 | D:11     | Reached skill level 17 in Polearms
 11723 | D:12     | Noticed a fire dragon
 11736 | D:12     | Killed a fire dragon
 11770 | D:12     | Received a gift from Okawaru
 12572 | D:12     | Noticed a storm dragon
 12579 | D:12     | Noticed a crystal guardian
 12739 | D:12     | Killed a storm dragon
 12739 | D:12     | Received a gift from Okawaru
 12840 | D:12     | Noticed a deep troll earth mage
 12848 | D:12     | Killed a deep troll earth mage
 12851 | D:12     | Noticed an ettin
 12860 | D:12     | Killed an ettin
 12892 | D:12     | Reached XP level 13. HP: 113/122 MP: 17/17
 12932 | D:12     | Killed a crystal guardian
 12932 | D:12     | Reached skill level 18 in Polearms
 12934 | D:12     | Identified the +8 battleaxe of Meufrupt {venom, +Inv rPois
                  | MR- Int+4}
 13316 | D:13     | Noticed Kirke
 13327 | D:13     | Killed Kirke
 13628 | D:13     | Found Votutyok's General Store.
 13940 | D:13     | Slain by a cyclops

Vault maps used:
D:1:      dpeg_arrival_arbitrary_b, serial_glass, glass_columns_c,
          glass_columns_c
D:2:      kb_forest_paths, first_ration
D:3:      nemelex_xobeh_ov_fountains_minmay
D:4:      grunt_temple_overflow_bloody_war, temple_doors_cd, led_sif_pool,
          uniq_ijyb
D:5:      kennysheep_six_static_rooms, overflow_temple_1_default,
          gammafunk_temple_overflow_elements
D:6:      palyth_temple_overflow_mages, grunt_temple_overflow_holy_war,
          serial_shops, kennysheep_little_box, uniq_eustachio,
          uniq_crazy_yiuf_cottage, uniq_prince_ribbit1
D:7:      nicolae_ossuary_entry_ruins, serial_shops, kennysheep_mini, shop,
          shop, nicolae_shop_competitors_out_of_business, uniq_harold
D:8:      okawaru_ov_weapons_minmay
D:9:      lair_entry_dummy, basic_altar
D:10:     basic_altar, uniq_sonja
D:11:     zombieorc1_lemuel, nicolae_trove_entry_free_sample, grunt_ogre_cave,
          minmay_pinched_square
D:12:     cross_vault, kb_rosetta
D:13:     serial_shops, nicolae_shop_statue_plus, minivault_28, uniq_kirke
Temple:   jpeg_temple_clearing
Ossuary:  ossuary_minmay_four_chambers

Skill      XL: |  1  2  3  4  5  6  7  8  9 10 11 12 13 |
---------------+----------------------------------------+-----
Polearms       | 4 5 6 7 8 9 11 13 15 16 17 18 | 18.5
Fighting       | 3 4 5 6 8 10 11 12 13 | 13.7
Armour         | 4 6 8 9 |  9.7
Invocations    | 3 5 7 8 |  8.0
Throwing       | |  2.0
Dodging        | |  3.2

Action                   |  1- 3 |  4- 6 |  7- 9 | 10-12 | 13-15 || total
-------------------------+-------+-------+-------+-------+-------++-------
Melee: Trident           |    95 |   170 |   407 |    62 |       ||   734
       Headbutt          |    13 |    27 |    87 |   124 |    18 ||   269
       Bardiche          |       |       |       |   540 |   103 ||   643
 Fire: Hunting sling     |       |    11 |       |       |       ||    11
Throw: Stone             |       |    13 |     7 |       |       ||    20
       Throwing net      |       |       |     2 |       |       ||     2
Invok: Heroism           |       |       |       |     6 |     1 ||     7
       Finesse           |       |       |       |     2 |       ||     2
Evoke: Wand              |       |       |       |     7 |       ||     7
  Use: Scroll            |       |     3 |     9 |    15 |       ||    27
 Stab: Sleeping          |     2 |       |     1 |       |       ||     3
       Distracted        |       |       |       |       |     2 ||     2
  Eat: Chunk             |       |     8 |    13 |    20 |     2 ||    43
       Ration            |       |       |       |     1 |       ||     1
Armor: Leather armour    |     8 |     2 |       |       |       ||    10
       Steam dragon scal |       |    34 |    13 |       |       ||    47
       Plate armour      |       |       |    98 |   313 |       ||   411
       Storm dragon scal |       |       |       |     4 |    54 ||    58
Dodge: Dodged            |    41 |    83 |    64 |   252 |    39 ||   479

Table legend:
 A = Non-vault XP
 B = Vault XP
 C = Vault XP percentage of total XP
 D = Non-vault monster count
 E = Vault monster count
 F = Vault count percentage of total count
                 A         B        C        D         E       F
            +---------+---------+-------+---------+---------+-------
      Total |   29585 |   19281 |  39.5 |     351 |      92 |  20.8
            +---------+---------+-------+---------+---------+-------
        D:1 |      42 |       0 |   0.0 |      26 |       0 |   0.0
        D:2 |      82 |       9 |   9.9 |      29 |       6 |  17.1
        D:3 |     164 |       0 |   0.0 |      33 |       0 |   0.0
        D:4 |     668 |      52 |   7.2 |      15 |       2 |  11.8
        D:5 |     582 |     193 |  24.9 |      12 |       4 |  25.0
        D:6 |     319 |     636 |  66.6 |      10 |       6 |  37.5
        D:7 |    1000 |     987 |  49.7 |      16 |       1 |   5.9
        D:8 |     942 |       0 |   0.0 |      15 |       0 |   0.0
        D:9 |    2197 |       0 |   0.0 |      32 |       0 |   0.0
       D:10 |    3515 |     820 |  18.9 |      32 |       1 |   3.0
       D:11 |    9187 |    4488 |  32.8 |      56 |      45 |  44.6
       D:12 |    5244 |    7688 |  59.4 |      44 |       9 |  17.0
       D:13 |    5643 |    3470 |  38.1 |      31 |       3 |   8.8
    Ossuary |       0 |     938 | 100.0 |       0 |      15 | 100.0
            +---------+---------+-------+---------+---------+-------
